FIQ, neutral male gnomish Wizard ----- ---- ..? ..| --- -- -*.-- -.--- ..-- --.---...|--|...| --------...| --........|..|...----.--.--...- ---------- --- - | --..................|..........| |..|.--..| |.................................<....| ---|........| |.-- |................................| |(##........| |.| | | |.........................--- |....^....>.| |.| --.......................-- --...--.---.| |.| ---.....................| |-..---- -- |.| --...---.............-- |....---- ---.--------------...---...-....%...-- --......| --.................................|... |......-- |....|...----------...[--..........|-- - ---.......--- |....|...| |....----........-- -.................-- --........| |-...| ---.....-- ------.........| |*........########)..--- --...-- |........-----h--...---- |..| |...| --.--....G...f.@...-- ---- --.-- ------------------- --- FIQ the Evoker Experience level: 1 Strength: 25 Dexterity: 16 Constitution: 12 Intelligence: 20 Wisdom: 14 Charisma: 7 Health: 0(15) Energy: 9(9) Def: 6 Gold: 513 Moves: 1664 Dungeon seed: GPkWnz8HsHpyUfs7 Game ID: FIQ_1441929512 Your Inventory: Coins $ - 513 gold pieces Weapons a - a blessed +1 quarterstaff (weapon in hands) o - an uncursed +2 aklys (alternate weapon; not wielded) v - an uncursed +0 dagger D - 2 cursed -1 daggers Armor e - an uncursed +0 cloak of magic resistance (being worn) y - a cursed +0 pair of gauntlets of power (being worn) z - an uncursed +0 pair of iron shoes N - an uncursed +2 leather armor (being worn) Comestibles q - an uncursed sprig of wolfsbane r - an uncursed lichen corpse A - an uncursed tripe ration Scrolls h - an uncursed scroll of identify i - a blessed scroll of gold detection j - an uncursed scroll of teleportation s - an uncursed scroll of blank paper t - 2 uncursed scrolls of light u - 2 uncursed scrolls of scare monster Spellbooks k - a blessed spellbook of force bolt l - a blessed spellbook of magic missile m - an uncursed spellbook of charm monster Potions f - 2 uncursed potions of monster detection g - an uncursed potion of speed Rings c - an uncursed ring of fire resistance d - an uncursed ring of slow digestion (on left hand) B - an uncursed ring of stealth Wands b - an uncursed wand of striking (0:6) Tools n - an uncursed magic marker (0:80) w - an uncursed magic whistle C - an uncursed magic marker (0:50) Spells and supernatural/magical abilities: Name Level Category Fail Memory a - force bolt 1 attack 3% 92% e - charm monster 3 enchantment 58% 92% m - magic missile 2 attack 0% 92% W - pray for help -- divine ? -- Your skills at the end: Fighting Skills Weapon Skills quarterstaff [Basic] Spellcasting Skills attack spells [Basic] enchantment spells [Basic] Final Attributes: You were devoutly aligned. You were magic-protected. You had infravision. You had slower digestion. You are dead. Vanquished creatures: a bugbear a shrieker a dwarf a hobbit 4 giant rats 2 yellow molds a gnome a gnome zombie 3 geckos 6 jackals a fox 2 kobolds a sewer rat 2 grid bugs a lichen a kobold zombie 3 newts 32 creatures vanquished. Voluntary challenges: You followed a strict vegan diet. You never hit with a wielded weapon. You were a pacifist. You read items or engraved 11 times, starting on turn 925. You never genocided any monsters. You never polymorphed an object. You never changed form. You used no wishes. You never split a pudding. You wrote Elbereth's name 11 times, starting on turn 925. You never violated your personal moral code. Dungeon overview: The Dungeons of Doom: levels 1 to 4 Level 1 a long staircase Level 2 Level 3 an armor shop, a sink Level 4 stairs to The Gnomish Mines The Gnomish Mines: levels 5 to 7 Level 5 stairs to The Dungeons of Doom Level 6 <- You were here Level 7 many shops, a temple to Anhur, some fountains History has recorded: On T:1 you entered the Dungeons of Doom to retrieve the Amulet of Yendor! On T:170 you reached level 2 of The Dungeons of Doom. On T:258 you reached level 3 of The Dungeons of Doom. On T:853 you reached level 4 of The Dungeons of Doom. On T:883 you reached level 1 of The Gnomish Mines. On T:886 you reached level 2 of The Gnomish Mines. On T:1076 you reached level 3 of The Gnomish Mines. Score breakdown: Gold: 513 ( 51 points) Experience: 1 level ( 0 points) Exploration: 7 levels ( 180 points) Discoveries: 6 items ( 300 points) Variety of kills: 17 monsters ( 850 points) Major goal: (nothing yet) ( 0 points) Survival: died (score multiplied by 3) Total score: 4143 Latest messages: The housecat bites the dwarf. The dwarf thrusts her dagger at the housecat. The dwarf misses the housecat. The dwarf thrusts her dagger. The dwarf hits! You die... Final status: Goodbye FIQ the Wizard, killed by a dwarf... You died in The Gnomish Mines on dungeon level 6 with 4143 points, and 513 pieces of gold, after 1664 moves. You were level 1 with a maximum of 15 hit points when you died.